 Dungeon Crawl Stone Soup version 0.27-a0-1324-ge0d8e047f6 (webtiles) character file.

Game seed: 14886512713501521267

39 night the Chiller (level 3, -2/28 HPs)
             Began as a Naga Ice Elementalist on June 23, 2021.
             Slain by an orc (5 damage)
             ... on level 2 of the Dungeon.
             The game lasted 00:04:19 (1679 turns).

night the Chiller (Naga Ice Elementalist)           Turns: 1679, Time: 00:04:20

Health: -2/28      AC:  4    Str: 10    XL:     3   Next: 45%
Magic:  2/7        EV:  9    Int: 16    God:
Gold:   80         SH:  0    Dex: 11    Spells: 0/7 levels left

rFire    + . .     SeeInvis +   b - +0 short sword
rCold    . . .     Faith    .   (no shield)
rNeg     . . .     Spirit   .   a - +0 robe
rPois    +         Reflect  .   (no helmet)
rElec    .         Harm     .   h - +1 cloak
rCorr    .         Rampage  .   (no gloves)
Will     .....                  (no barding)
Stlth    ++........             (no amulet)
HPRegen  0.09/turn              f - ring of protection from fire
MPRegen  0.10/turn              (no ring)

@: flying (expiring), very slow
A: AC +1, large, see invisible, deformed body, poison resistance, slowness 2,
spit poison 1, naga tail 1
a: Spit Poison


You were on level 2 of the Dungeon.
You visited 1 branch of the dungeon, and saw 2 of its levels.

You collected 80 gold pieces.

Inventory:

Hand Weapons
 b - a +0 short sword (weapon)
Armour
 a - a +0 robe (worn)
 h - a +1 cloak (worn)
Jewellery
 f - a ring of protection from fire (left hand)
Scrolls
 c - a scroll of brand weapon {unknown}
 g - a scroll of enchant weapon {unknown}


   Skills:
 - Level 1.6 Dodging
 - Level 3.0 Stealth
 + Level 2.8 Spellcasting
 + Level 4.6 Ice Magic


You couldn't memorise any spells.
You knew the following spells:

 Your Spells              Type           Power      Damage    Failure   Level
a - Freeze                Ice            64%        1d8       3%          1
b - Frozen Ramparts       Ice            32%        1d5       9%          3
c - Ozocubu's Armour      Ice            16%        N/A       9%          3

Your spell library contained the following spells:

 Spells                   Type           Power      Damage    Failure   Level
 Passwall                 Tmut/Erth      1%         N/A       28%         2
 Swiftness                Air            2%         N/A       50%         3
 Hailstorm                Conj/Ice       9%         3d4       58%         4
 Passage of Golubria      Tloc           N/A        N/A       88%         4
 Metabolic Englaciation   Hex/Ice        4%         N/A       90%         5
 Lee's Rapid Deconstruct  Erth           1%         3d5*      99%         5
 Invisibility             Hex            1%         N/A       100%        6


Dungeon Overview and Level Annotations

Branches:
Dungeon (2/15)

Altars:
Hepliaklqana


Innate Abilities, Weirdness & Mutations

Your serpentine skin is tough. (AC +1)
You have supernaturally acute eyesight. (SInv)
Armour fits poorly on your strangely shaped body.
Your system is resistant to poisons. (rPois)
You cover ground very slowly.
You can spit poison.
You have a snake-like lower body.


Message History

The giant cockroach waves its antennae.
The orc wizard hits you but does no damage.
The orc barely misses you.
You hit the orc.
The orc is moderately wounded.
The orc wizard misses you. The orc closely misses you.
Your magical contamination has completely faded away.
You hit the orc.
The orc is heavily wounded.
The orc wizard hits you with a +0 dagger.
The orc barely misses you.
You closely miss the orc.
The orc is heavily wounded.
You are starting to lose your buoyancy.
The orc wizard hits you with a +0 dagger.
The orc barely misses you.
You hit the orc but do no damage.
The orc is heavily wounded.
The orc wizard gestures at you while chanting.
The magic dart hits you. The orc hits you but does no damage.
You barely miss the orc.
The orc is heavily wounded.
Your icy armour evaporates.
The orc wizard hits you with a +0 dagger.
* * * LOW HITPOINT WARNING * * *
The orc completely misses you.
You barely miss the orc.
The orc is heavily wounded.
The orc wizard gestures at you while chanting.
The magic dart hits you.
* * * LOW HITPOINT WARNING * * *
The orc barely misses you. The orc wizard closely misses you.
You hit the orc.
The orc is severely wounded.
The orc barely misses you. The orc wizard barely misses you.
You aren't carrying any potions.
As you read the scroll labelled LIERAE NEVU, it crumbles to dust.
It is a scroll of enchant armour.
Your +0 cloak glows green for a moment.
The orc hits you with a +0 mace.
You die...

.. #. .# #. . .#
#.######..
##.#####..#....$.
#................
########....# #r.......
#...........# #oB......
.
#...........####ooK.....
#........####.#@###..o..
#........# #.#o##


.oo #........# ##.#.# . #........###.#.## #...........#### #...........#
#...........####. ###+#..#.......... #....#†######.#. You could see an orc
wizard, 3 orcs, a giant cockroach, a kobold and a rat.

Vanquished Creatures
  An adder (D:2)
  A dart slug (D:1)
  An orc (D:2)
  An endoplasm (D:2)
  A giant cockroach (D:1)
  3 goblins (D:1)
  A hobgoblin (D:1)
  3 jackals (D:2)
  A kobold (D:1)
  3 quokkas
  A ball python (D:1)
  3 bats (D:1)
  A frilled lizard (D:2)
  3 rats
24 creatures vanquished.

Notes
Turn   | Place    | Note
-------+----------+-------------------------------------------
     0 | D:1      | night the Naga Ice Elementalist began the quest for the
                  | Orb.
     0 | D:1      | Reached XP level 1. HP: 15/15 MP: 3/3
   149 | D:1      | Found a faded altar of an unknown god.
   411 | D:1      | You fall into a shaft and drop 1 floor!
   423 | D:2      | Reached XP level 2. HP: 16/22 MP: 0/5
   745 | D:2      | Found a hazy altar of Hepliaklqana.
  1047 | D:1      | Reached XP level 3. HP: 28/28 MP: 6/6
  1051 | D:1      | Learned a level 3 spell: Frozen Ramparts
  1055 | D:1      | Learned a level 3 spell: Ozocubu's Armour
  1677 | D:2      | HP: 3/28 [orc wizard/magic dart (5)]
  1679 | D:2      | Slain by an orc

Illustrated notes

Levels and vault maps discovered:
D:1:      dpeg_arrival_central, layout_basic, basic_ecumenical_altar,
          minmay_tripent
D:2:      layout_basic, serial_shops, nicolae_square_shop, basic_altar,
          hangedman_glass_teeth, minivault_24

Action                   || total
-------------------------++-------
Melee: Short sword       ||    41
 Cast: Freeze            ||    24
       Ozocubu's Armour  ||     1
       Frozen Ramparts   ||     1
 Abil: Spit Poison       ||     4
  Use: Scroll            ||     1
       Potion            ||     1
 Stab: Sleeping          ||     4
Armor: Robe              ||    32
Dodge: Dodged            ||    43

Table legend: (Time is in decaauts)
 A = Elapsed time spent in this place.
 B = Non-inter-level travel time spent in this place.
 C = Inter-level travel time spent in this place.
 D = Time resting spent in this place.
 E = Time spent auto-exploring this place.
 F = Levels seen in this place.
 G = Mean time per level.
                   A        B        C        D        E       F      G
               +--------+--------+--------+--------+--------+-----+--------+
         Total |   2089 |   2007 |     82 |    280 |   1444 |   2 | 1044.5 |
       Dungeon |   2089 |   2007 |     82 |    280 |   1444 |   2 | 1044.5 |
               +--------+--------+--------+--------+--------+-----+--------+

Top non-repeatable levels by time:
     D:1: 1564 daAuts
     D:2: 524 daAuts
